 Dungeon Crawl Stone Soup version 0.29-a0-330-g52719c12eb (webtiles) character file.

Game seed: 4089653869588265071

114 Ajdolov the Skirmisher (level 4, -5/50 HPs)
             Began as an Ogre Fighter on Apr 14, 2022.
             Killed from afar by an orc wizard (8 damage)
             ... with a puff of flame
             ... on level 2 of the Dungeon.
             The game lasted 00:02:32 (2132 turns).

Ajdolov the Skirmisher (Ogre Fighter)               Turns: 2132, Time: 00:02:32

Health: -5/50      AC:  3    Str: 22    XL:     4   Next: 98%
Magic:  4/4        EV: 10    Int:  9    God:
Gold:   52         SH:  0    Dex:  8    Spells: 3/3 levels left

rFire   . . .      SeeInvis .   a - +0 flail
rCold   . . .      Faith    .   (no shield)
rNeg    . . .      Spirit   .   b - +0 robe
rPois   +          Reflect  .   (helmet restricted)
rElec   .          Harm     .   (no cloak)
rCorr   .          Rampage  .   (gloves unavailable)
Will    .....                   (boots unavailable)
Stlth   +.........              (no amulet)
HPRegen 0.16/turn               n - ring of poison resistance
MPRegen 0.09/turn               (no ring)

@: attractive, hasted, very quick
A: large, unfitting armour, tough skin 1
a: no special abilities


You were on level 2 of the Dungeon.
You visited 1 branch of the dungeon, and saw 3 of its levels.

You collected 52 gold pieces.

Inventory:

Hand Weapons
 a - a +0 flail (weapon)
Armour
 b - a +0 robe (worn)
 c - a +0 kite shield
Jewellery
 n - a ring of poison resistance (left hand)
 p - a ring of ice
Scrolls
 g - a scroll of vulnerability {unknown}
 i - a scroll of blinking {unknown}
 k - 3 scrolls of immolation {unknown}
 r - a scroll of identify {unknown}
Potions
 d - a potion of might
 e - a potion of heal wounds {unknown}
 f - a potion of flight {unknown}
 h - a potion of brilliance {unknown}
 j - 2 potions of haste
 l - 3 potions of curing {unknown}
 m - a potion of cancellation {unknown}
 o - 2 potions of attraction
 q - a potion of lignification {unknown}


   Skills:
 + Level 5.2 Fighting
 * Level 3.8 Maces & Flails
 - Level 2.6 Dodging
 - Level 2.6 Shields


You had 3 spell levels left.
You didn't know any spells.
Your spell library contained the following spells:

 Spells                   Type           Power      Damage    Failure   Level
 Sandblast                Erth           0%         2d4       38%         1
 Passwall                 Tmut/Erth      0%         N/A       52%         2
 Stone Arrow              Conj/Erth      0%         3d7       77%         3


Dungeon Overview and Level Annotations

Branches:
Dungeon (3/15)

Altars:
Zin

Annotations:
D:3 Ijyb


Innate Abilities, Weirdness & Mutations

You are too large for most types of armour.
You have tough skin. (AC +1)


Message History

The orc wizard points at you and mumbles some strange words.
You are more confused.
The orc wizard hits you with a +0 dagger.
* * * LOW HITPOINT WARNING * * *
You bump into the rock wall.
The orc wizard casts a spell at you. You resist with some effort.
You bump into the rock wall.
The orc wizard barely misses you.
You closely miss the orc wizard.
The orc wizard is moderately wounded.
The orc wizard barely misses you.
You bump into the rock wall.
The orc wizard hits you but does no damage.
You bump into the rock wall.
The orc wizard hits you with a +0 dagger.
* * * LOW HITPOINT WARNING * * *
You bump into the rock wall.
The orc wizard hits you with a +0 dagger.
* * * LOW HITPOINT WARNING * * *
You're too confused to move!
The orc wizard barely misses you.
You feel less confused.
The orc wizard attacks as you move away!
The orc wizard barely misses you.
The orc wizard gestures at you while chanting.
You are confused.
You're too confused to move!
You bump into the rock wall.
The orc wizard hits you with a +0 dagger.
* * * LOW HITPOINT WARNING * * *
It was a potion of haste.
You feel yourself speed up.
The orc wizard hits you with a +0 dagger.
* * * LOW HITPOINT WARNING * * *
You hit the orc wizard.
The orc wizard is heavily wounded.
Sorry, you're not good enough to have a special ability.
It was a potion of attraction.
You feel attractive to monsters.
You feel less confused.
The orc wizard points at you and mumbles some strange words.
The puff of flame hits you!
You die...

###>.............
#.####.......##
#.# #.......# #.#
#.......# #.#
#)......# #.#
#.......# #.#
#.......#
#######.#
#########
#...@o..#
#.##########
##### #.# #....#
#...( #.#
#.##.#### #....
#.# #.#.....#
#.... #.#
#.#####.# #†...
#.# #.# #.# #....
#.# #.# #.###....
#.# #.# #...'....


You could see an orc wizard.

Vanquished Creatures
  2 orc wizards (D:3)
  An adder (D:2)
  A worm (D:2)
  A dart slug (D:1)
  An orc (D:3)
  3 ball pythons (D:1)
  4 endoplasms
  A giant cockroach (D:1)
  3 goblins
  2 hobgoblins (D:2)
  8 jackals
  4 quokkas (D:1)
  9 bats
  A frilled lizard (D:1)
  3 kobolds
  3 rats (D:1)
47 creatures vanquished.

Notes
Turn   | Place    | Note
-------+----------+-------------------------------------------
     0 | D:1      | Ajdolov the Ogre Fighter began the quest for the Orb.
     0 | D:1      | Reached XP level 1. HP: 24/24 MP: 1/1
   164 | D:1      | Reached XP level 2. HP: 25/32 MP: 2/2
   593 | D:1      | Reached XP level 3. HP: 38/40 MP: 3/3
   921 | D:1      | Found a faded altar of an unknown god.
  1553 | D:2      | Reached XP level 4. HP: 43/49 MP: 4/4
  1629 | D:2      | Found a glowing silver altar of Zin.
  1991 | D:3      | Noticed Ijyb
  2079 | D:3      | Reached skill level 5 in Fighting
  2132 | D:2      | Killed from afar by an orc wizard

Illustrated notes

Levels and vault maps discovered:
D:1:      dpeg_arrival_erosion, layout_rooms, dilly_ecumenical_altar_fadedgnrine
D:2:      layout_basic, basic_altar
D:3:      layout_rooms, nicolae_vehumet_altar_sigil, minmay_misc_feat_rows,
          pf_guarded_unrand_delatra, uniq_ijyb

Skill      XL: |  1  2  3  4 |
---------------+-------------+-----
Maces & Flails | 2 3 |  3.8
Fighting       | 5 |  5.2
Dodging        | |  2.6
Shields        | |  2.6

Action                   |  1- 3 |  4- 6 || total
-------------------------+-------+-------++-------
Melee: Flail             |   142 |    38 ||   180
       Punch             |     2 |     1 ||     3
  Use: Potion            |       |     2 ||     2
Armor: Robe              |    65 |    15 ||    80
Dodge: Dodged            |    96 |    19 ||   115
Block: Kite shield       |     3 |       ||     3

Table legend: (Time is in decaauts)
 A = Elapsed time spent in this place.
 B = Non-inter-level travel time spent in this place.
 C = Inter-level travel time spent in this place.
 D = Time resting spent in this place.
 E = Time spent auto-exploring this place.
 F = Levels seen in this place.
 G = Mean time per level.
                   A        B        C        D        E       F      G
               +--------+--------+--------+--------+--------+-----+--------+
         Total |   2179 |   2114 |     65 |      0 |   1666 |   3 |  726.3 |
       Dungeon |   2179 |   2114 |     65 |      0 |   1666 |   3 |  726.3 |
               +--------+--------+--------+--------+--------+-----+--------+

Top non-repeatable levels by time:
     D:2: 1099 daAuts
     D:1: 1010 daAuts
     D:3: 70 daAuts
